 Dungeon Crawl Stone Soup version 0.28.0 (webtiles) character file.

Game seed: 3426410605559596881

664778 freelancePsychic the Slayer (level 27, -9/188 HPs)
             Began as a Demonspawn Wanderer on Feb 9, 2022.
             Was the Champion of Ru.
             Killed from afar by an orb of fire (23 damage)
             ... with a bolt of fire
             ... on level 5 of the Realm of Zot.
             The game lasted 03:27:52 (66719 turns).

freelancePsychic the Slayer (Demonspawn Wanderer)  Turns: 66719, Time: 03:27:53

Health: -9/188     AC: 18    Str: 15 (19) XL:     27
Magic:  38/43      EV: 24    Int: 12 (16) God:    Ru [******]
Gold:   4519       SH:  0    Dex: 10      Spells: 32/58 levels left

rFire   + + .      SeeInvis .     - Unarmed
rCold   + + .      Faith    .   (shield currently unavailable)
rNeg    + + +      Spirit   .   (armour currently unavailable)
rPois   ∞          Reflect  .   (helmet currently unavailable)
rElec   +          Harm     .   (cloak currently unavailable)
rCorr   +          Rampage  .   (gloves unavailable)
Will    ++...      Rage     1%  (boots currently unavailable)
Stlth   ..........              (amulet currently unavailable)
HPRegen 0.41/turn               (ring currently unavailable)
MPRegen 0.28/turn               (ring currently unavailable)

@: wisp-form, marked, unable to drink, flying, studying Bows, unable to read
A: insubstantial, flying, no casting, tiny, (claws 3), ignite blood 3, powered
by death 3, black mark, inability to drink while threatened, inability to read
while threatened, no stealth, hated by all, inability to train armour, (sanguine
armour 3), bedeviling, aura of silence, berserk 1, clumsy 2, (deformed body),
deterioration 2, frail 2, (shaggy fur 1), weak 2
}: 5/15 runes: decaying, slimy, silver, abyssal, gossamer
a: Renounce Religion, Draw Out Power, Power Leap, Apocalypse


You were on level 5 of the Realm of Zot.
You worshipped Ru.
Ru was exalted by your worship.
You were an insubstantial wisp.
You visited 11 branches of the dungeon, and saw 54 of its levels.
You visited the Abyss 2 times.
You also visited: Sewer, Bailey and Ice Cave.

You collected 5896 gold pieces.
You spent 1377 gold pieces at shops.

Inventory:

Hand Weapons
 g - the +4 mace "Paecka Moqes" {freeze, rN+ Str+3}
   (You found it on level 2 of the Dungeon)

   It freezes those it strikes, dealing additional cold damage.
   It can also slow down cold-blooded creatures.
   Str:       It affects your strength (+3).
   rN:        It protects you from negative energy.
Missiles
 h - 3 throwing nets
Armour
 f - the +1 cloak of the Wilderness (melded) {rElec rN+ Int+2}
   (You acquired it on level 9 of the Dungeon)

   Int:       It affects your intelligence (+2).
   rElec:     It insulates you from electricity.
   rN:        It protects you from negative energy.
 i - the +2 helmet "Cussenih" {Rampage rF- Int+5 Dex+3}
   (You found it on level 3 of the Vaults)

   Int:       It affects your intelligence (+5).
   Dex:       It affects your dexterity (+3).
   rF:        It makes you vulnerable to fire.
   Rampage:   It bestows one free step when moving towards enemies.
 v - a +4 troll leather armour (melded) {Snorg}
 B - a +0 pair of boots (melded)
 D - a +2 helmet (melded)
 I - a +1 kite shield of cold resistance
Jewellery
 j - a ring of wizardry
 p - a +6 ring of dexterity
 E - the ring "Behousog" (melded) {rC++ Int+6 Dex-5 SInv}
   (You found it on level 5 of the Pits of Slime)

   [ring of intelligence]

   Int:       It affects your intelligence (+6).
   Dex:       It affects your dexterity (-5).
   rC:        It greatly protects you from cold.
   SInv:      It lets you see invisible.
 G - a ring of wizardry
 P - a ring of protection from fire
 S - a +6 ring of dexterity
 T - a ring of protection from cold
 U - a ring of resist corrosion
 V - the ring of Fink (melded) {rF+ Will+}
   (You took it off a deep elf death mage on level 3 of the Elven Halls)

   [ring of protection from fire]

   rF:        It protects you from fire.
   Will:      It increases your willpower.
 W - an amulet of regeneration (melded)
 Y - the ring "Evvesat" {rPois Int+6 Dex+6}
   (You found it on level 1 of the Vaults)

   [ring of intelligence]

   Int:       It affects your intelligence (+6).
   Dex:       It affects your dexterity (+6).
   rPois:     It protects you from poison.
 Z - a +4 ring of slaying
Wands
 s - a wand of digging (7)
 w - a wand of flame (45)
 y - a wand of iceblast (30)
 H - a wand of acid (32)
 M - a wand of mindburst (9)
Scrolls
 a - 2 scrolls of magic mapping
 b - 4 scrolls of amnesia
 c - 9 scrolls of blinking
 d - 3 scrolls of silence
 e - 7 scrolls of torment
 o - 2 scrolls of fear
 t - 17 scrolls of teleportation {@r4}
 x - 23 scrolls of identify {@r1}
 F - 2 scrolls of noise
 J - 9 scrolls of vulnerability
 K - 7 scrolls of enchant weapon
 N - 6 scrolls of immolation
 R - 9 scrolls of enchant armour
 X - 4 scrolls of fog
Potions
 k - 8 potions of heal wounds {@q2}
 l - 4 potions of brilliance
 m - 7 potions of lignification
 n - a potion of haste {@q3}
 r - 14 potions of ambrosia
 u - 13 potions of curing {@q1}
 z - 5 potions of flight
 A - 7 potions of degeneration
 C - 3 potions of magic
 L - a potion of might
 O - a potion of invisibility
 Q - a potion of resistance


   Skills:
 + Level 23.1 Fighting
 - Level 2.6 Maces & Flails
 - Level 1.0 Throwing
 - Level 13.0 Dodging
 - Level 1.6 Shields
 + Level 21.9 Unarmed Combat
 - Level 16.4 Spellcasting
 - Level 14.1 Translocations
 - Level 16.5 Transmutations
 - Level 10.8 Air Magic
 - Level 1.2 Invocations


You had 32 spell levels left.
You knew the following spells:

 Your Spells              Type           Power      Damage    Failure   Level
a - Storm Form            Tmut/Air       21%        N/A       19%         7
b - Manifold Assault      Tloc           43%        N/A       1%          5
c - Dragon Form           Tmut           24%        N/A       6%          7
d - Wereblood             Tmut           49%        N/A       0%          2
h - Irradiate             Conj/Tmut      14%        3d18      6%          5

Your spell library contained the following spells:

 Spells                   Type           Power      Damage    Failure   Level
 Beastly Appendage        Tmut           98%        N/A       0%          1
 Apportation              Tloc           86%        N/A       1%          1
 Sting                    Tmut/Pois      100%       1d8       1%          1
 Blink                    Tloc           86%        N/A       1%          2
 Corpse Rot               Necr/Air       44%        N/A       1%          2
 Poisonous Vapours        Pois/Air       44%        N/A       1%          2
 Static Discharge         Conj/Air       22%        N/A       1%          2
 Ignite Poison            Fire/Tmut/Pois 23%        N/A       1%          3
 Portal Projectile        Hex/Tloc       80%        N/A       1%          3
 Spider Form              Tmut/Pois      29%        N/A       1%          3
 Swiftness                Air            35%        N/A       1%          3
 Teleport Other           Tloc           43%        N/A       1%          3
 Airstrike                Air            17%        N/A       1%          4
 Passage of Golubria      Tloc           43%        N/A       1%          4
 Petrify                  Tmut/Erth      29%        N/A       1%          4
 Blade Hands              Tmut           24%        N/A       1%          5
 Dispersal                Tloc           21%        N/A       3%          6
 Mephitic Cloud           Conj/Pois/Air  18%        N/A       4%          3
 Freeze                   Ice            36%        1d6       6%          1
 Magic Dart               Conj           36%        1d4       6%          1
 Pain                     Necr           36%        1d5       6%          1
 Slow                     Hex            56%        N/A       6%          1
 Alistair's Intoxication  Tmut/Pois      19%        N/A       6%          5
 Searing Ray              Conj           18%        2d5       10%         2
 Confusing Touch          Hex            14%        N/A       19%         3
 Conjure Flame            Conj/Fire      9%         6-21      19%         3
 Frozen Ramparts          Ice            18%        1d3       19%         3
 Inner Flame              Hex/Fire       14%        N/A       19%         3
 Stone Arrow              Conj/Erth      18%        3d8       19%         3
 Vampiric Draining        Necr           9%         2d6       19%         3
 Lightning Bolt           Conj/Air       11%        1d24      19%         5
 Eringya's Noxious Bog    Tmut/Pois      14%        N/A       32%         6
 Freezing Cloud           Conj/Ice/Air   9%         6-21      36%         5
 Anguish                  Hex/Necr       7%         N/A       52%         4
 Cause Fear               Hex            7%         N/A       52%         4
 Dispel Undead            Necr           9%         3d8       52%         4
 Fulminant Prism          Conj/Hex       7%         3d7       52%         4
 Hailstorm                Conj/Ice       9%         3d4       52%         4
 Leda's Liquefaction      Hex/Erth       7%         N/A       52%         4
 Olgreb's Toxic Radiance  Pois           9%         N/A       52%         4
 Sticky Flame             Conj/Fire      9%         2d3       52%         4
 Conjure Ball Lightning   Conj/Air       11%        3x3d6     71%         6
 Disjunction              Tloc           21%        N/A       77%         8
 Borgnjor's Vile Clutch   Necr/Erth      4%         N/A       86%         5
 Metabolic Englaciation   Hex/Ice        7%         N/A       86%         5
 Maxwell's Capacitive Co  Air            17%        ∞         99%         8
 Iron Shot                Conj/Erth      4%         9d2       100%        6
 Enfeeble                 Hex            7%         N/A       100%        7
 Borgnjor's Revivificati  Necr           4%         N/A       100%        8
 Discord                  Hex            7%         N/A       100%        8
 Necromutation            Tmut/Necr      14%        N/A       100%        8
 Death's Door             Necr           4%         N/A       100%        9
 Animate Skeleton         Necr           Unusable   N/A       N/A         1
 Summon Lightning Spire   Summ/Air       Unusable   N/A       N/A         4
 Call Imp                 Summ           Unusable   N/A       N/A         2
 Call Canine Familiar     Summ           Unusable   N/A       N/A         3
 Tukima's Dance           Hex            Unusable   N/A       N/A         3
 Animate Armour           Summ/Erth      Unusable   N/A       N/A         4
 Animate Dead             Necr           Unusable   N/A       N/A         4
 Summon Ice Beast         Ice/Summ       Unusable   N/A       N/A         4
 Haunt                    Necr/Summ      Unusable   N/A       N/A         7
 Infestation              Necr           Unusable   N/A       N/A         8
 Dragon's Call            Summ           Unusable   N/A       N/A         9

Dungeon Overview and Level Annotations

Branches:
Dungeon (15/15)            Temple (1/1) D:6            Lair (6/6) D:9
  Swamp (4/4) Lair:4       Spider (4/4) Lair:2        Slime (5/5) Lair:6
    Orc (2/2) D:10            Elf (3/3) Orc:2        Vaults (5/5) D:13
  Crypt (0/3) Vaults:3     Depths (4/4) D:15            Zot (5/5) Depths:4
  Sewer (visited)          Bailey (visited)           IceCv (visited)

Altars:
Ashenzari
Cheibriados
Dithmenos
Elyvilon
Fedhas
Hepliaklqana
Kikubaaqudgha
Makhleb
Nemelex Xobeh
Qazlal
Ru
Sif Muna
Trog
Uskayaw
Vehumet
Wu Jian
Xom
Yredelemnul
Zin
The Shining One
Beogh
Jiyva

Shops:
D:1 (   D:6 :([*   Orc:2 !*?:   Elf:2 [   Vaults:1 *[   Depths:2 (

Portals:
Hell: Depths:1 Depths:2 Depths:3 Depths:4
Abyss: Depths:3 Depths:4
Pandemonium: Depths:2 Depths:4
Ziggurat: Depths:3

Annotations:
D:2 1 runed translucent door, Crazy Yiuf
D:3 2 transporters
D:5 Eustachio
D:8 exclusion: downstairs
D:9 4 runed translucent doors
Lair:1 exclusion: downstairs
Swamp:1 2 transporters, reggie's ghost, journeyman DrWz
Spider:2 exclusion: downstairs
Elf:2 5 runed translucent doors


Innate Abilities, Weirdness & Mutations

You are an insubstantial wisp.
Your tiny insubstantial body is highly resistant to most damage types.
You are flying.
Your equipment is entirely melded.
You are incapable of wielding weapons or throwing items.
You cannot cast spells.
((You have claws for hands.))
Your demonic aura causes all spilled blood to erupt in flames.
You regenerate a lot of health from kills.
Your melee attacks may debilitate your foes.
You sometimes lose the ability to drink potions when taking damage.
You sometimes lose the ability to read scrolls when taking damage.
You cannot be stealthy.
You are hated by all.
You cannot train Armour skill.
((When seriously injured, your blood forms very thick armour. (AC +0)))
Your hexes are more powerful.
You are surrounded by an aura of silence.
You tend to lose your temper in combat.
You are very clumsy. (Dex -4)
((Armour fits poorly on your strangely shaped body.))
Your body often deteriorates upon taking damage.
You are very frail. (-20% HP)
((You are covered in fur. (AC +1)))
You are very weak. (Str -4)


Message History

Really leap into that permanent teleport trap?
You enter a permanent teleport trap!
Your surroundings suddenly seem different.
An Orb Guardian and a curse toe come into view.
Found a scroll of teleportation.
An orb of fire comes into view.
Unknown command.
You cannot read scrolls in your current state!
You cannot drink potions in your current state!
The Orb Guardian hits you!!
An Orb Guardian comes into view.
You redirect the orb of fire's attack!
The orb of fire emits a lurid red light.
The bolt of fire hits the moth of wrath!!!
The moth of wrath dies!
The Orb Guardian barely misses you. The Orb Guardian hits you!
* * * LOW HITPOINT WARNING * * *
Unknown command.
Really fly into that dispersal trap?
You enter a dispersal trap!
The Orb Guardian blinks!
The orb of fire blinks!
The curse toe blinks!
The Orb Guardian blinks! x3; You blink.
Found a scroll of vulnerability.
Really fly into that permanent teleport trap?
Okay, then.
Really fly into that permanent teleport trap?
You enter a permanent teleport trap!
Your surroundings suddenly seem different.
You feel less exhausted.
The orb of fire glows bright magenta.
The fireball explodes!
The fireball engulfs you!! You resist.
* * * LOW HITPOINT WARNING * * *
Your body deteriorates!
You feel weakened.
The ancient lich begins to cast a spell, but is stunned by your conviction!
The orb of fire glows deep purple.
The bolt of fire hits you! You resist.
* * * LOW HITPOINT WARNING * * *
The ancient lich is no longer moving quickly.
The orb of fire emits a lurid red light.
The bolt of fire hits you!! You resist.
You die...

,* *#...........## #........[.[
,* #....[......# #.....^..... ,*
##......^....## #........^.. **
#.............# ##......*{.* *
*#............[#* ##........^
#....^..........# ##........
***########*########▓▓▓▓#########
,,,,.............................
,,,,..........L.v................
*,,,..##############....#........
*,,,,,* ###...#.......# *,,,,,*
#......#......# *******
#...#.........# ***
#.............# ,,***
##........##### ,,,,* #.......##
,,,,* **###....##


You could see an orb of fire and an ancient lich.

Vanquished Creatures
  the Royal Jelly (Slime:5)
  A dread lich (Depths:3)
  3 ancient liches
  9 orbs of fire (Zot:5)
  Mara (Spider:3)
  5 juggernauts
  Sojobo (Depths:4)
  Boris (thrice) (Vaults:3 Depths:1 Vaults:5)
  3 Killer Klowns (Zot:5)
  the Lernaean hydra (Swamp:4)
  Bai Suzhen (Swamp:4)
  Frederick (Depths:4)
  A caustic shrike (Depths:3)
  Nikola (Spider:2)
  9 golden dragons
  Jory (Vaults:2)
  An electric golem (Zot:1)
  The ghost of mathmaestro the Bludgeoner, an adept GrFi of Okawaru (Vaults:3)
  7 tentacled monstrosities
  17 Orb Guardians (Zot:5)
  Mlioglotl (Swamp:4)
  2 liches
  3 titans
  20 acid blobs
  7 quicksilver dragons
  2 deep elf blademasters (Elf:3)
  2 deep elf master archers (Elf:3)
  5 sphinxes
  An Executioner (Abyss:3)
  2 tentacled starspawn
  4 death cobs
  Agnes (Spider:2)
  5 shadow dragons
  7 storm dragons
  6 tengu reavers
  Kirke (Swamp:2)
  Donald (Spider:2)
  A daeva (Abyss:3)
  7 azure jellies
  5 frost giants
  6 fire giants
  12 rockslimes
  11 deep elf sorcerers
  4 draconian monks
  4 cacodemons (Abyss:3)
  4 draconian scorchers
  4 emperor scorpions
  2 ghost moths
  Aizul (Spider:2)
  A juggernaut zombie (Depths:2)
  3 draconian knights
  13 vault wardens
  2 orc warlords
  A caustic shrike zombie (Depths:2)
  2 iron dragons
  6 deep elf elementalists (Elf:3)
  4 balrugs
  3 draconian stormcallers
  15 ironbound preservers
  6 draconian shifters
  18 very ugly things
  2 draconian annihilators (Zot:5)
  13 quicksilver oozes
  6 ironbound thunderhulks
  A broodmother (Spider:2)
  3 war gargoyles (Vaults:2)
  A caustic shrike skeleton (Abyss:3)
  2 black draconians (Zot:5)
  4 grey draconians
  4 green draconians
  A vampire knight (Depths:3)
  6 entropy weavers
  2 elemental wellsprings (Depths:3)
  23 stone giants
  4 bunyips
  6 deep elf demonologists (Elf:3)
  11 deep elf annihilators
  A lorocyproca (Abyss:2)
  An eleionoma (Swamp:1)
  5 spark wasps
  12 dire elephants
  9 purple draconians
  4 red draconians
  Snorg (D:10)
  14 yellow draconians
  A white draconian (Zot:5)
  A merfolk impaler (Depths:3)
  A crystal guardian (Vaults:2)
  12 ettins
  7 fire dragons
  9 deep elf death magi
  3 jiangshi (Depths:3)
  A merfolk javelineer (Depths:3)
  8 deep elf high priests
  14 great orbs of eyes
  2 peacekeepers (Vaults:2)
  2 rakshasas
  12 yaktaur captains
  5 ice dragons
  A spriggan skeleton (Abyss:1)
  4 caustic shrike simulacra (IceCv)
  A salamander tyrant (Depths:4)
  6 ogre magi
  3 ghost crabs
  7 boulder beetles
  38 vault guards
  Erica (D:8)
  20 hydras
  5 spriggan air magi
  12 ironbound frosthearts
  A jorogumo (Spider:4)
  3 catoblepae (Lair:6)
  6 alligators
  8 centaur warriors
  11 two-headed ogres
  11 tengu warriors
  3 death knights
  8 dancing weapons
  9 deep troll earth magi
  4 vampire magi
  A deep troll shaman (Vaults:2)
  8 death yaks (Lair:6)
  3 hell hogs (Depths:3)
  An orc high priest (Orc:2)
  5 soul eaters
  7 deep elf knights
  9 spriggan berserkers
  5 hell knights
  25 large abominations
  11 spriggans
  6 sun demons
  6 wretched stars
  10 iron trolls
  A sixfirhy (Abyss:3)
  A fire crab (Lair:3)
  7 goliath frogs
  A salamander mystic (Depths:4)
  4 sun moths
  3 pharaoh ants
  A spatial maelstrom (Abyss:3)
  5 glowing orange brains
  3 skeletal warriors (D:14)
  45 deep trolls
  A death drake (shapeshifter) (Vaults:4)
  An orange crystal statue (Depths:3)
  2 spriggan druids
  5 steelbarb worms
  A sea snake (shapeshifter) (Vaults:5)
  2 starcursed masses (Abyss:2)
  21 orb spiders
  8 bog bodies
  An obsidian statue (IceCv)
  11 swamp dragons
  9 deep elf archers
  21 ironbound convokers
  A lindwurm (shapeshifter) (Vaults:1)
  5 phantasmal warriors
  13 wizards
  11 orc knights
  24 deep elf pyromancers
  2 lindwurms
  4 necromancers
  21 deep elf zephyrmancers
  5 harpies (Vaults:3)
  A sphinx zombie (Depths:2)
  2 orc sorcerers
  6 cyclopes
  61 ugly things
  2 will-o-the-wisps
  A moth of wrath (shapeshifter) (Vaults:1)
  4 oklob plants (Zot:1)
  A salamander (Depths:4)
  7 moths of wrath
  8 manticores
  20 wolf spiders
  3 centaur zombies
  3 black mambas
  24 elephants
  2 shining eyes
  A worldbinder (Abyss:1)
  20 vault sentinels
  3 orange demons
  12 cane toads
  A gargoyle (D:13)
  3 hellions (Depths:3)
  11 demonic crawlers
  12 torpor snails
  11 smoke demons
  2 eyes of devastation
  2 rust devils
  An unseen horror (D:11)
  A torpor snail (shapeshifter) (Vaults:2)
  7 komodo dragons
  2 efreet
  An unseen horror (shapeshifter) (Elf:3)
  A komodo dragon (shapeshifter) (Elf:1)
  3 kobold demonologists
  18 freezing wraiths
  26 yaktaurs
  7 rime drakes
  5 anaconda simulacra (IceCv)
  An entropy weaver simulacrum (IceCv)
  2 hellwings
  4 tengu conjurers
  An ice devil (Abyss:3)
  5 trolls
  3 ancient zymes
  13 meliai
  3 polar bears
  6 tyrant leeches
  27 tarantellas
  9 hornets
  A queen bee (Lair:3)
  70 slime creatures
  19 blink frogs
  4 raiju
  3 flying skulls (Abyss:3)
  A shadow (D:10)
  A spriggan (shapeshifter) (D:15)
  2 wraiths
  25 jumping spiders
  2 air elementals
  6 wyverns
  19 culicivoras
  3 dire elephant simulacra (IceCv)
  57 yaks
  A fire elemental (Elf:3)
  A ynoxinul (Abyss:3)
  2 hogs (Swamp:2)
  A wyvern (shapeshifter) (Vaults:5)
  7 golden eyes
  9 basilisks
  A human (Swamp:2)
  2 chaos spawn
  9 vampire mosquitoes
  2 minotaur simulacra (IceCv)
  54 redbacks
  2 neqoxecs
  2 steam dragons
  A swamp worm (shapeshifter) (Depths:1)
  A harpy simulacrum (IceCv)
  A spatial vortex (Abyss:3)
  20 swamp worms
  A warg (D:15)
  19 small abominations
  An acid dragon (D:12)
  2 hydra simulacra (IceCv)
  A floating eye (shapeshifter) (Vaults:5)
  14 water moccasins
  2 floating eyes
  2 black bears
  A necrophage (D:5)
  11 orc warriors
  11 swamp drakes
  3 ice beasts
  A hornet zombie (D:7)
  A sky beast (D:8)
  21 ogres (Orc:2)
  3 alligator simulacra (IceCv)
  2 ettin simulacra (IceCv)
  8 boggarts
  31 wolves
  2 centaurs
  A bullfrog (shapeshifter) (D:15)
  4 kobold brigands
  17 bullfrogs
  5 earth elementals
  4 scorpions
  3 deep troll simulacra (IceCv)
  A water moccasin skeleton (D:4)
  5 lindwurm simulacra (IceCv)
  6 wights
  29 killer bees
  2 howler monkeys
  12 electric eels
  A bullfrog zombie (D:7)
  3 lava snakes (Lair:4)
  2 centaur skeletons
  28 jellies
  A hound (D:6)
  A gnoll shaman (D:9)
  11 orc priests
  Jessica (D:3)
  5 iguanas
  9 orc wizards
  8 hell rats
  A howler monkey zombie (D:9)
  8 gnolls
  8 adders
  2 river rats
  A shadow imp (D:8)
  3 white imps
  3 ufetubi
  3 worms (Lair:2)
  5 dart slugs
  57 orcs
  9 endoplasms
  10 giant cockroaches
  7 goblins
  9 hobgoblins
  4 jackals (D:3)
  4 quokkas
  8 ball pythons
  7 bats
  12 frilled lizards
  10 kobolds
  13 rats
  A lurking horror (Abyss:3)
  2 starspawn tentacles (Abyss:1)
2167 creatures vanquished.

Vanquished Creatures (others)
  An ancient lich (Vaults:5)
  An electric golem (Zot:5)
  4 Orb Guardians (Zot:5)
  2 very ugly things
  2 vault guards
  An ogre mage (Orc:2)
  A dancing weapon (Elf:3)
  A deep troll (Vaults:3)
  A cyclops (D:11)
  A moth of wrath (Zot:5)
  A rime drake (Lair:4)
  2 meliai
  A blink frog (Lair:2)
  A water elemental (Elf:3)
  3 yaks
  An orc warrior (Orc:1)
  A killer bee (D:9)
  A jelly (Zot:1)
  An orc (D:10)
  A giant cockroach (Lair:2)
  14 foxfires
  50 fungi
  146 plants
  3 starspawn tentacles
241 creatures vanquished.

Grand Total: 2408 creatures vanquished

Notes
Turn   | Place    | Note
-------+----------+-------------------------------------------
     0 | D:1      | freelancePsychic the Demonspawn Wanderer began the quest
                  | for the Orb.
     0 | D:1      | freelancePsychic set off with the following items: a +1
                  | mace, a +0 chain mail
     0 | D:1      | Reached XP level 1. HP: 16/16 MP: 1/1
   179 | D:1      | Gained mutation: You regenerate a little health from kills.
                  | [demonic ancestry]
   179 | D:1      | Reached XP level 2. HP: 20/23 MP: 2/2
   323 | D:1      | Found Cymiq's Weapon Shop.
   434 | D:1      | Found a faded altar of an unknown god.
   972 | D:2      | Gained mutation: You have sharp fingernails. [demonic
                  | ancestry]
   972 | D:2      | Reached XP level 3. HP: 27/28 MP: 3/3
   998 | D:2      | Identified the +4 mace "Paecka Moqes" {freeze, rN+ Str+3}
  1004 | D:2      | Found a runed translucent door.
  1005 | D:2      | Noticed Crazy Yiuf
  1066 | D:2      | Reached skill level 3 in Fighting
  1792 | D:3      | Noticed Jessica
  1806 | D:3      | Killed Jessica
  1807 | D:3      | Reached skill level 1 in Unarmed Combat
  1807 | D:3      | Reached XP level 4. HP: 30/35 MP: 4/4
  2090 | D:3      | Found a transporter.
  2350 | D:3      | Gained mutation: You have very sharp fingernails. [demonic
                  | ancestry]
  2350 | D:3      | Reached XP level 5. HP: 42/42 MP: 5/5
  2391 | D:3      | Found a transporter.
  2513 | D:4      | Reached skill level 4 in Fighting
  2608 | D:4      | Found a glowing drain.
  2646 | Sewer    | Entered a sewer
  3096 | D:4      | Noticed a black bear
  3114 | D:4      | Killed a black bear
  3115 | D:4      | Reached XP level 6. HP: 18/50 MP: 6/6
  3341 | D:4      | Reached skill level 5 in Fighting
  3488 | D:4      | Noticed an orc warrior
  4407 | D:5      | Entered Level 5 of the Dungeon
  4440 | D:5      | Reached skill level 6 in Fighting
  4440 | D:5      | Reached skill level 5 in Unarmed Combat
  4440 | D:5      | Gained mutation: You regenerate health from kills. [demonic
                  | ancestry]
  4440 | D:5      | Reached XP level 7. HP: 38/59 MP: 7/7
  4732 | D:5      | Gained mutation: When seriously injured, your blood forms
                  | armour. (AC +0) [demonic ancestry]
  4732 | D:5      | Reached XP level 8. HP: 53/65 MP: 8/8
  4921 | D:6      | Noticed Eustachio
  4921 | D:6      | Found Civel's General Store.
  5208 | D:5      | Reached skill level 7 in Fighting
  5331 | D:6      | Found a staircase to the Ecumenical Temple.
  5367 | Temple   | Entered the Ecumenical Temple
  5409 | Temple   | Became a worshipper of Ru the Awakened
  5631 | D:6      | Found Poygusai's Book Boutique.
  5844 | D:6      | Found Xeam's Antique Armour Boutique.
  5849 | D:6      | Bought a runed chain mail for 150 gold pieces
  5966 | D:6      | Found Guxaax's Antique Weapon Emporium.
  6168 | D:7      | You are sucked into a shaft and drop 3 floors!
  6168 | D:10     | Entered Level 10 of the Dungeon
  6177 | D:10     | Found a flagged portal.
  6188 | Bailey   | Entered a bailey
  6213 | Bailey   | Reached skill level 8 in Fighting
  6214 | Bailey   | Noticed an orc knight
  6654 | D:10     | Noticed a kobold demonologist
  6657 | D:10     | Noticed a kobold demonologist
  6662 | D:10     | Noticed an orange demon
  6670 | D:10     | Noticed a red devil
  7161 | D:9      | Found a runed translucent door.
  7173 | D:9      | Gained mutation: Your demonic aura sometimes causes spilled
                  | blood to erupt in flames. [demonic ancestry]
  7173 | D:9      | Reached XP level 9. HP: 45/75 MP: 9/9
  7294 | D:9      | Identified a scroll of acquirement
  7294 | D:9      | Acquired the +1 cloak of the Wilderness {rElec rN+ Int+2}
  7311 | D:9      | Found a runed translucent door.
  7331 | D:9      | Gained mutation: You sometimes lose the ability to drink
                  | potions when taking damage. [Ru sacrifice]
  7331 | D:9      | Reached * piety under Ru
  7336 | D:9      | Noticed an elephant
  7357 | D:8      | Noticed Erica
  7410 | D:8      | Killed Erica
  7411 | D:8      | Reached skill level 9 in Fighting
  7431 | D:8      | Found a shadowy altar of Dithmenos.
  7440 | D:8      | Found a shimmering blue altar of Sif Muna.
  8410 | D:8      | Noticed a lindwurm
  8427 | D:8      | Noticed a lindwurm
  8429 | D:8      | Noticed a lindwurm
  8429 | D:8      | Noticed a lindwurm
  8801 | D:9      | Found a runed translucent door.
  8837 | D:9      | Found a runed translucent door.
  8880 | D:9      | Reached skill level 10 in Fighting
  9569 | D:8      | Found a basalt altar of Yredelemnul.
  9570 | D:8      | Found a snail-covered altar of Cheibriados.
  9661 | D:9      | Found a staircase to the Lair.
  9793 | D:9      | Reached XP level 10. HP: 50/86 MP: 10/10
  9974 | D:9      | Killed an elephant
 10096 | D:9      | Noticed a two-headed ogre
 10319 | D:10     | Noticed an orange demon
 10414 | D:9      | Noticed a soul eater
 10415 | D:9      | Reached skill level 5 in Armour
 10473 | D:9      | Reached skill level 11 in Fighting
 10674 | D:10     | Noticed Snorg
 10732 | D:9      | Reached skill level 10 in Unarmed Combat
 10935 | Lair:1   | Entered Level 1 of the Lair of Beasts
 11180 | Lair:1   | Gained mutation: You are hated by all. [Ru sacrifice]
 11180 | Lair:1   | Reached ** piety under Ru
 11180 | Lair:1   | Reached *** piety under Ru
 11214 | Lair:1   | Reached XP level 11. HP: 72/94 MP: 11/11
 11931 | Lair:1   | Reached skill level 12 in Fighting
 12462 | Lair:2   | Noticed a five-headed hydra
 12587 | Lair:2   | Found a hole to the Spider Nest.
 12830 | Lair:2   | Gained mutation: You cannot be stealthy. [Ru sacrifice]
 13318 | Lair:2   | Reached skill level 1 in Dodging
 13322 | Lair:2   | Reached XP level 12. HP: 103/103 MP: 12/12
 13449 | Lair:2   | Killed a five-headed hydra
 13837 | Lair:2   | Reached skill level 13 in Fighting
 13971 | Lair:3   | Identified the +1 robe of Absence {Slay+3 Stlth+}
 14190 | Lair:3   | Noticed a seven-headed hydra
 14200 | Lair:3   | Killed a seven-headed hydra
 15112 | Lair:3   | You are sucked into a shaft and drop 1 floor!
 15128 | Lair:4   | Gained mutation: You cannot train Armour skill. [Ru
                  | sacrifice]
 15128 | Lair:4   | Reached **** piety under Ru
 15128 | Lair:4   | Reached ***** piety under Ru
 15304 | Lair:4   | Reached skill level 1 in Shields
 15450 | Lair:4   | Identified the +1 robe "Luyklusai" {rCorr Dex+3}
 15571 | Lair:3   | Noticed a five-headed hydra
 15577 | Lair:3   | Killed a five-headed hydra
 16368 | D:6      | Bought an Inescapable Atlas for 408 gold pieces
 16376 | D:6      | Learned a level 7 spell: Storm Form
 16685 | Lair:3   | Reached skill level 1 in Transmutations
 16685 | Lair:3   | Reached skill level 1 in Air Magic
 17223 | Lair:4   | Reached XP level 13. HP: 112/112 MP: 13/13
 17563 | Lair:4   | Found a staircase to the Swamp.
 18135 | Lair:5   | Gained mutation: You sometimes lose the ability to read
                  | scrolls when taking damage. [Ru sacrifice]
 18135 | Lair:5   | Reached ****** piety under Ru
 19114 | Lair:6   | Entered Level 6 of the Lair of Beasts
 19186 | Lair:6   | Reached skill level 1 in Spellcasting
 19200 | Lair:6   | Reached skill level 5 in Transmutations
 19205 | Lair:6   | Reached skill level 5 in Air Magic
 20086 | Lair:6   | Gained mutation: You have claws for hands. [demonic
                  | ancestry]
 20086 | Lair:6   | Reached XP level 14. HP: 94/117 MP: 19/19
 20888 | Lair:6   | Found a staircase to the Slime Pits.
 21165 | Lair:6   | Identified the +9 battleaxe of Eternal Vigilance {vorpal,
                  | rPois Will+ Str-3}
 21458 | D:10     | Killed Snorg
 21789 | D:10     | Found a staircase to the Orcish Mines.
 22046 | Orc:1    | Entered Level 1 of the Orcish Mines
 22093 | Orc:2    | Entered Level 2 of the Orcish Mines
 22403 | Orc:1    | Paralysed by an orc sorcerer for 4 turns
 22666 | Orc:2    | Reached skill level 5 in Spellcasting
 22882 | Orc:2    | Found a staircase to the Elven Halls.
 22927 | Orc:2    | Found Raitur's General Store.
 22927 | Orc:2    | Found Timistrah's Distillery.
 22928 | Orc:2    | Found Xixud's Book Boutique.
 22928 | Orc:2    | Found Fegock's Magic Scroll Shoppe.
 23448 | Orc:2    | Bought a scroll of blinking for 105 gold pieces
 23450 | Orc:2    | Bought a scroll of enchant armour for 105 gold pieces
 23451 | Orc:2    | Bought a potion of magic for 120 gold pieces
 23451 | Orc:2    | Bought a potion of resistance for 150 gold pieces
 24129 | D:11     | Found an ornate altar of the Wu Jian Council.
 24401 | D:12     | Gained mutation: When seriously injured, your blood forms
                  | thick armour. (AC +0) [demonic ancestry]
 24401 | D:12     | Reached XP level 15. HP: 109/123 MP: 23/23
 24792 | D:12     | Reached skill level 10 in Air Magic
 24809 | D:12     | Reached skill level 10 in Transmutations
 25577 | D:13     | Identified the +0 plate armour "Nutail" {rF+ Will- Int+3
                  | Slay+4}
 25585 | D:13     | Learned a level 5 spell: Irradiate
 25593 | D:13     | Learned a level 7 spell: Dragon Form
 25810 | D:13     | Found a gate to the Vaults.
 27006 | D:15     | Entered Level 15 of the Dungeon
 27647 | D:15     | Found a staircase to the Depths.
 27656 | D:15     | Gained mutation: You tend to lose your temper in combat.
                  | [mutagenic glow]
 28620 | Swamp:1  | Entered Level 1 of the Swamp
 28642 | Swamp:1  | Gained mutation: You are frail. (-10% HP) [mutagenic glow]
 28651 | Lair:4   | Gained mutation: You have hidden genetic defects.
                  | [mutagenic glow]
 28717 | Lair:4   | Lost mutation: You tend to lose your temper in combat.
                  | [potion of mutation]
 28717 | Lair:4   | Lost mutation: You have hidden genetic defects. [potion of
                  | mutation]
 28717 | Lair:4   | Lost mutation: You are frail. (-10% HP) [potion of
                  | mutation]
 28717 | Lair:4   | Gained mutation: You occasionally shout uncontrollably at
                  | your foes. [potion of mutation]
 28717 | Lair:4   | Gained mutation: You are robust. (+10% HP) [potion of
                  | mutation]
 28860 | Swamp:1  | Found a transporter.
 28865 | Swamp:1  | Found a transporter.
 28865 | Swamp:1  | Noticed reggie's ghost (journeyman DrWz)
 29134 | Swamp:1  | Reached XP level 16. HP: 110/145 MP: 12/24
 29866 | Swamp:2  | Noticed Kirke
 29875 | Swamp:2  | Killed Kirke
 31045 | Swamp:3  | Reached skill level 1 in Translocations
 31544 | Swamp:4  | Entered Level 4 of the Swamp
 31912 | Swamp:4  | Noticed Mlioglotl
 31923 | Swamp:4  | Noticed a tentacled starspawn
 31924 | Swamp:4  | Killed Mlioglotl
 31925 | Swamp:4  | Reached skill level 14 in Fighting
 32036 | Swamp:3  | Learned a level 5 spell: Manifold Assault
 32053 | Swamp:4  | Noticed Bai Suzhen
 32074 | Swamp:4  | Killed Bai Suzhen
 32379 | Swamp:4  | Noticed the 27-headed Lernaean hydra
 32381 | Swamp:4  | Killed the 26-headed Lernaean hydra
 32412 | Swamp:4  | Reached skill level 5 in Translocations
 32507 | Swamp:4  | Got a decaying rune of Zot
 32924 | Spider:1 | Entered Level 1 of the Spider Nest
 33080 | Spider:1 | Reached XP level 17. HP: 154/154 MP: 21/28
 33525 | Spider:1 | Learned a level 2 spell: Wereblood
 33813 | Spider:2 | Noticed Agnes
 33822 | Spider:2 | Noticed Nikola
 33822 | Spider:2 | Killed Agnes
 33913 | Spider:2 | Reached skill level 15 in Fighting
 34288 | Spider:2 | Noticed Aizul
 34304 | Spider:2 | Killed Aizul
 34310 | Spider:2 | Reached skill level 5 in Dodging
 34324 | Spider:2 | Killed Nikola
 34718 | Spider:2 | Noticed Donald
 34722 | Spider:2 | Killed Donald
 35884 | Spider:3 | Noticed Mara
 36709 | Spider:3 | Noticed freelancePsychic's illusion
 37056 | Vaults:1 | Entered Level 1 of the Vaults
 37621 | Vaults:1 | Gained mutation: Your hexes are more powerful. [demonic
                  | ancestry]
 37621 | Vaults:1 | Reached XP level 18. HP: 166/166 MP: 0/31
 38023 | Vaults:1 | Found a huge runed gate.
 38023 | Vaults:1 | Found a huge runed gate.
 38023 | Vaults:1 | Found a huge runed gate.
 38023 | Vaults:1 | Found a huge runed gate.
 38023 | Vaults:1 | Found a huge runed gate.
 38024 | Vaults:1 | Found a huge runed gate.
 38024 | Vaults:1 | Found a huge runed gate.
 38024 | Vaults:1 | Found a huge runed gate.
 38024 | Vaults:1 | Found a huge runed gate.
 38026 | Vaults:1 | Found a huge runed gate.
 38026 | Vaults:1 | Found a huge runed gate.
 38026 | Vaults:1 | Found a huge runed gate.
 38026 | Vaults:1 | Found a huge runed gate.
 38026 | Vaults:1 | Found a huge runed gate.
 38026 | Vaults:1 | Found a huge runed gate.
 38027 | Vaults:1 | Found a huge runed gate.
 38028 | Vaults:1 | Found a huge runed gate.
 38029 | Vaults:1 | Found Muolyism's General Store.
 38030 | Vaults:1 | Found a huge runed gate.
 38040 | Vaults:1 | Bought a scroll of blinking for 105 gold pieces
 38351 | Vaults:1 | Reached skill level 10 in Spellcasting
 38519 | Vaults:1 | Found Wuurchaa's Antique Armour Shop.
 38527 | Vaults:1 | Bought a faintly glowing ring mail for 234 gold pieces
 38527 | Vaults:1 | Identified the +3 ring mail "Miles" {Str+2} (You bought it
                  | in a shop on level 1 of the Vaults)
 38610 | Vaults:1 | Reached skill level 16 in Fighting
 38612 | Vaults:1 | Noticed a tentacled monstrosity
 38617 | Vaults:1 | Killed a tentacled monstrosity
 39113 | Vaults:1 | Found a huge runed gate.
 39121 | Vaults:1 | Found a huge runed gate.
 39121 | Vaults:1 | Found a huge runed gate.
 39121 | Vaults:1 | Found a huge runed gate.
 39121 | Vaults:1 | Found a huge runed gate.
 39121 | Vaults:1 | Found a huge runed gate.
 39121 | Vaults:1 | Found a huge runed gate.
 39122 | Vaults:1 | Found a huge runed gate.
 39123 | Vaults:1 | Found a huge runed gate.
 39124 | Vaults:1 | Found a huge runed gate.
 39132 | Vaults:1 | Found a huge runed gate.
 39132 | Vaults:1 | Found a huge runed gate.
 39132 | Vaults:1 | Found a huge runed gate.
 39132 | Vaults:1 | Found a huge runed gate.
 39132 | Vaults:1 | Found a huge runed gate.
 39132 | Vaults:1 | Found a huge runed gate.
 39133 | Vaults:1 | Found a huge runed gate.
 39134 | Vaults:1 | Found a huge runed gate.
 39244 | Vaults:1 | Identified the ring "Evvesat" {rPois Int+6 Dex+6}
 39438 | Vaults:2 | Reached skill level 10 in Translocations
 41984 | Vaults:3 | Noticed Boris
 42012 | Vaults:3 | Noticed Jory
 42025 | Vaults:2 | Killed Jory
 42411 | Vaults:3 | Killed Boris
 42412 | Vaults:3 | Gained mutation: You regenerate a lot of health from kills.
                  | [demonic ancestry]
 42412 | Vaults:3 | Reached XP level 19. HP: 159/159 MP: 4/33
 43262 | Vaults:3 | Found a runed translucent gate.
 43262 | Vaults:3 | Found a runed translucent gate.
 43262 | Vaults:3 | Found a runed translucent gate.
 43262 | Vaults:3 | Noticed mathmaestro's ghost (adept GrFi)
 43278 | Vaults:3 | Killed mathmaestro's ghost
 43279 | Vaults:3 | Reached skill level 17 in Fighting
 43286 | Vaults:3 | Identified the +2 helmet "Cussenih" {Rampage rF- Int+5
                  | Dex+3}
 43925 | Vaults:3 | Found a staircase to the Crypt.
 45627 | Vaults:4 | Reached XP level 20. HP: 184/184 MP: 19/36
 46392 | Elf:1    | Entered Level 1 of the Elven Halls
 46560 | Elf:1    | Reached skill level 15 in Unarmed Combat
 47128 | Elf:1    | Paralysed by an air elemental for 1 turns
 47497 | Elf:1    | Got the Reference Book on Attacks and Illusion
 47867 | Elf:2    | Found a frozen archway.
 47944 | IceCv    | Entered an ice cave
 48810 | IceCv    | Found an ancient bone altar of Kikubaaqudgha.
 48894 | IceCv    | Reached skill level 18 in Fighting
 49139 | IceCv    | Identified the ring "Pigan" {rN+ Int+2}
 49497 | Elf:2    | Found a huge runed translucent gate.
 49497 | Elf:2    | Found a huge runed translucent gate.
 49497 | Elf:2    | Found a huge runed translucent gate.
 49497 | Elf:2    | Found a huge runed translucent gate.
 49502 | Elf:2    | Found a huge runed translucent gate.
 49775 | Elf:2    | Found Xutreik's Antique Armour Shop.
 50090 | Elf:3    | Entered Level 3 of the Elven Halls
 50093 | Elf:3    | Paralysed by an air elemental for 1 turns
 51005 | Elf:3    | Gained mutation: Your melee attacks may debilitate your
                  | foes. [demonic ancestry]
 51005 | Elf:3    | Reached XP level 21. HP: 195/195 MP: 2/37
 51012 | Elf:3    | Cast into level 3 of the Abyss (a deep elf sorcerer)
 51012 | Abyss:3  | Found a corrupted altar of Lugonu.
 51279 | Elf:3    | Escaped the Abyss
 51552 | Elf:3    | Identified the ring of Fink {rF+ Will+}
 51609 | Elf:3    | Identified the +1 pair of gloves "Puqeov" {rF+ rC+ rN+
                  | SInv}
 51610 | Elf:3    | Identified the +11 hand axe of Forced Transition {vorpal,
                  | *Corrode rF+++ rC++ Str+4}
 51616 | Elf:3    | Got Hah Koiqo's Collected Works on the Glacier and the
                  | Birds
 51662 | Elf:3    | Got the Handbook of Beguiling
 51664 | Elf:3    | Got Aprauw's Grimoire of Poison
 51686 | Elf:3    | Identified the +13 crystal plate armour of Torysk {rElec
                  | Int-3 Dex+2 Stlth+}
 51695 | Elf:3    | Identified the +0 robe "Gien" {Str+2}
 51700 | Elf:3    | Got Lathyja's Guide on Shifting Execration
 51706 | Elf:3    | Got the Guide on the Traveller
 52084 | Depths:1 | Entered Level 1 of the Depths
 52536 | Depths:1 | Found a gateway to Hell.
 52928 | Depths:1 | Noticed Boris
 52942 | Depths:1 | Killed Boris
 53043 | Depths:1 | Reached skill level 19 in Fighting
 53059 | Depths:1 | Reached skill level 15 in Transmutations
 53270 | Depths:1 | You are sucked into a shaft and drop 1 floor!
 53571 | Depths:2 | Found Syngasid's Weapon Shop.
 54245 | Depths:2 | Found a one-way gate leading to the halls of Pandemonium.
 54784 | Depths:3 | Identified the +4 demon whip "Foule" {freeze, Drain Int+3
                  | Dex+3}
 55402 | Depths:3 | Noticed a golden dragon
 55457 | Depths:3 | Noticed a golden dragon
 55511 | Depths:3 | Killed a golden dragon
 55619 | Depths:3 | Gained mutation: When seriously injured, your blood forms
                  | very thick armour. (AC +0) [demonic ancestry]
 55619 | Depths:3 | Reached XP level 22. HP: 202/202 MP: 33/39
 55633 | Depths:3 | Killed a golden dragon
 55766 | Depths:3 | Noticed a golden dragon
 55768 | Depths:3 | Killed a golden dragon
 56023 | Depths:3 | Noticed a juggernaut
 56023 | Depths:3 | Noticed a golden dragon
 56025 | Depths:3 | Noticed a juggernaut
 56025 | Depths:3 | Noticed a golden dragon
 56029 | Depths:3 | Killed a juggernaut
 56030 | Depths:3 | Killed a juggernaut
 56031 | Depths:3 | Reached skill level 20 in Fighting
 56031 | Depths:3 | Killed a golden dragon
 56032 | Depths:3 | Noticed a juggernaut
 56037 | Depths:3 | Noticed a caustic shrike
 56270 | Depths:3 | Noticed a dread lich
 56281 | Depths:3 | Killed a dread lich
 56360 | Depths:3 | Found a one-way gateway to a ziggurat.
 56553 | Depths:3 | Found a one-way gate to the infinite horrors of the Abyss.
 56920 | Depths:4 | Entered Level 4 of the Depths
 56926 | Depths:4 | Noticed a juggernaut
 56931 | Depths:4 | Killed a juggernaut
 57201 | Depths:3 | Killed a golden dragon
 57202 | Depths:3 | Killed a juggernaut
 57241 | Depths:3 | Killed a caustic shrike
 57401 | Depths:3 | Noticed a juggernaut
 57406 | Depths:3 | Killed a juggernaut
 57436 | Depths:3 | Noticed a golden dragon
 57440 | Depths:3 | Killed a golden dragon
 57478 | Depths:3 | Identified the +7 rapier of Tender Mercy {protect, *Noise
                  | Will++ Str+4}
 57720 | Depths:4 | Noticed a golden dragon
 57726 | Depths:4 | Killed a golden dragon
 57828 | Depths:4 | Noticed Sojobo
 57832 | Depths:4 | Paralysed by an air elemental for 1 turns
 57835 | Depths:4 | Paralysed by an air elemental for 1 turns
 57930 | Depths:4 | Noticed Frederick
 57935 | Depths:4 | Killed Frederick
 58109 | Depths:4 | Killed Sojobo
 58305 | Depths:4 | Gained mutation: You tend to lose your temper in combat.
                  | [mutagenic glow]
 58317 | Depths:4 | Gained mutation: Potions are less effective at restoring
                  | your health. [mutagenic glow]
 58332 | Depths:4 | Gained mutation: You are clumsy. (Dex -2) [mutagenic glow]
 58443 | Depths:4 | Voluntarily entered the Abyss.
 59180 | Abyss:3  | Gained mutation: You are weak. (Str -2) [a cacodemon]
 59212 | Abyss:3  | Gained mutation: Armour fits poorly on your strangely
                  | shaped body. [a cacodemon]
 59282 | Abyss:3  | Paralysed by a floating eye for 2 turns
 59290 | Abyss:3  | Gained mutation: Your demonic aura often causes spilled
                  | blood to erupt in flames. [demonic ancestry]
 59290 | Abyss:3  | Reached XP level 23. HP: 136/136 MP: 6/41
 59290 | Abyss:3  | Reached XP level 24. HP: 145/145 MP: 6/41
 59290 | Abyss:3  | Got an abyssal rune of Zot
 59294 | Depths:4 | Escaped the Abyss
 59413 | Depths:4 | Lost mutation: Potions are less effective at restoring your
                  | health. [potion of mutation]
 59413 | Depths:4 | Lost mutation: Armour fits poorly on your strangely shaped
                  | body. [potion of mutation]
 59413 | Depths:4 | Gained mutation: Your spells are a little harder to cast,
                  | but a little more powerful. [potion of mutation]
 59413 | Depths:4 | Gained mutation: You have hidden genetic potential. [potion
                  | of mutation]
 59719 | Depths:4 | Reached skill level 10 in Dodging
 60165 | Spider:3 | Noticed freelancePsychic's illusion
 60198 | Spider:3 | Killed Mara
 60777 | Spider:4 | Entered Level 4 of the Spider Nest
 60799 | Spider:4 | Gained mutation: Your demonic aura causes all spilled blood
                  | to erupt in flames. [demonic ancestry]
 60799 | Spider:4 | Reached XP level 25. HP: 181/181 MP: 21/41
 61206 | Spider:4 | Lost mutation: You occasionally shout uncontrollably at
                  | your foes. [potion of mutation]
 61206 | Spider:4 | Lost mutation: You are robust. (+10% HP) [potion of
                  | mutation]
 61206 | Spider:4 | Lost mutation: You are weak. (Str -2) [potion of mutation]
 61206 | Spider:4 | Gained mutation: Your magical capacity is low. (-10% MP)
                  | [potion of mutation]
 61206 | Spider:4 | Gained mutation: You are very clumsy. (Dex -4) [potion of
                  | mutation]
 61206 | Spider:4 | Lost mutation: Your spells are a little harder to cast, but
                  | a little more powerful. [potion of mutation]
 61332 | Spider:4 | Got a gossamer rune of Zot
 61664 | Slime:1  | Entered Level 1 of the Pits of Slime
 62097 | Slime:3  | Reached skill level 15 in Spellcasting
 62254 | Slime:5  | Entered Level 5 of the Pits of Slime
 62487 | Slime:5  | Noticed the Royal Jelly
 62502 | Slime:5  | Killed the Royal Jelly
 62698 | Slime:5  | Found the +9 sword of Zonguldrok {reap}
 62731 | Slime:5  | Got a slimy rune of Zot
 62734 | Slime:5  | Found the +2 cloak of the Thief {*Fog Slay-2 SInv Stlth+}
 62774 | Slime:5  | Identified the +7 morningstar of Yeast {venom, Drain rElec
                  | Will+++ Str+2}
 62787 | Slime:5  | Identified the ring "Behousog" {rC++ Int+6 Dex-5 SInv}
 63344 | Vaults:5 | Entered Level 5 of the Vaults
 63401 | Vaults:5 | Noticed Boris
 63409 | Vaults:5 | Killed Boris
 63507 | Vaults:5 | Gained mutation: You are covered in fur. (AC +1) [hidden
                  | potential]
 63728 | Vaults:5 | Noticed an ancient lich
 63732 | Vaults:5 | Killed an ancient lich
 63744 | Vaults:5 | Got the Grimoire of Creative Poisoning
 63790 | Vaults:5 | Noticed an ancient lich
 63797 | Vaults:5 | Killed an ancient lich
 63802 | Vaults:5 | Reached XP level 26. HP: 216/216 MP: 6/39
 64171 | Vaults:5 | Got a silver rune of Zot
 64456 | Depths:4 | Found a gate to the Realm of Zot.
 64462 | Zot:1    | Entered Level 1 of the Realm of Zot
 64463 | Zot:1    | Lost mutation: You have hidden genetic potential. [potion
                  | of mutation]
 64463 | Zot:1    | Lost mutation: You are very clumsy. (Dex -4) [potion of
                  | mutation]
 64463 | Zot:1    | Lost mutation: Your magical capacity is low. (-10% MP)
                  | [potion of mutation]
 64463 | Zot:1    | Gained mutation: Your body sometimes deteriorates upon
                  | taking damage. [potion of mutation]
 64463 | Zot:1    | Lost mutation: You tend to lose your temper in combat.
                  | [potion of mutation]
 64714 | Zot:1    | Reached skill level 21 in Fighting
 66306 | Zot:5    | Entered Level 5 of the Realm of Zot
 66397 | Zot:5    | Noticed an ancient lich
 66398 | Zot:5    | Noticed an ancient lich
 66404 | Zot:5    | Killed an ancient lich
 66404 | Zot:5    | Killed an ancient lich
 66404 | Zot:5    | Noticed an orb of fire
 66405 | Zot:5    | Reached skill level 22 in Fighting
 66406 | Zot:5    | Noticed an orb of fire
 66407 | Zot:5    | Noticed an orb of fire
 66411 | Zot:5    | Killed an orb of fire
 66412 | Zot:5    | Noticed an orb of fire
 66412 | Zot:5    | Gained mutation: Armour fits poorly on your strangely
                  | shaped body. [an orb of fire]
 66414 | Zot:5    | Killed an orb of fire
 66414 | Zot:5    | Noticed an orb of fire
 66414 | Zot:5    | Noticed an orb of fire
 66415 | Zot:5    | Killed an orb of fire
 66417 | Zot:5    | Killed an orb of fire
 66419 | Zot:5    | Killed an orb of fire
 66419 | Zot:5    | Gained mutation: Your body often deteriorates upon taking
                  | damage. [an orb of fire]
 66422 | Zot:5    | Killed an orb of fire
 66456 | Zot:5    | Noticed an orb of fire
 66457 | Zot:5    | Noticed an orb of fire
 66462 | Zot:5    | Noticed an orb of fire
 66464 | Zot:5    | Gained mutation: You are surrounded by an aura of silence.
                  | [demonic ancestry]
 66464 | Zot:5    | Reached XP level 27. HP: 175/233 MP: 2/43
 66464 | Zot:5    | Noticed an ancient lich
 66469 | Zot:5    | Killed an orb of fire
 66473 | Zot:5    | Killed an orb of fire
 66475 | Zot:5    | Reached skill level 23 in Fighting
 66478 | Zot:5    | Gained mutation: You are frail. (-10% HP) [an orb of fire]
 66482 | Zot:5    | Noticed an orb of fire
 66484 | Zot:5    | Noticed an orb of fire
 66484 | Zot:5    | Gained mutation: You are weak. (Str -2) [an orb of fire]
 66680 | Zot:5    | Gained mutation: You tend to lose your temper in combat.
                  | [an orb of fire]
 66685 | Zot:5    | Killed an orb of fire
 66686 | Zot:5    | Gained mutation: You are very weak. (Str -4) [an orb of
                  | fire]
 66688 | Zot:5    | Noticed a dread lich
 66691 | Zot:5    | Gained mutation: You are very clumsy. (Dex -4) [an orb of
                  | fire]
 66695 | Zot:5    | Gained mutation: You are very frail. (-20% HP) [an orb of
                  | fire]
 66698 | Zot:5    | Noticed an orb of fire
 66719 | Zot:5    | Killed from afar by an orb of fire

Illustrated notes

Levels and vault maps discovered:
D:1:      kennysheep_arrival_seaside, layout_rooms, serial_shops,
          nicolae_shop_bloodbath_and_beyond, nicolae_ecumenical_snake_handling,
          chequers_serial_rivers_room_b
D:2:      layout_basic, basic_altar, corner_web_ring, dk_noncrumbling_4,
          hex_large, uniq_crazy_yiuf_cottage
D:3:      gammafunk_wand_slinger, layout_basic, uniq_jessica
D:4:      layout_loops_ring, portal_sewer_entry_f, guppyfry_early_orc_mine
D:5:      layout_rooms, mainiacjoe_overflow_catch_the_wave,
          nicolae_elyvilon_peaceful_grove
D:6:      layout_rooms, temple_fountains, serial_shops, nicolae_stop_n_shop_1,
          nicolae_shop_temple_entry_statues_fountains,
          nicolae_shop_hallway_plus, nicolae_take_the_stairs, uniq_eustachio
D:7:      layout_basic
D:8:      layout_loops_ring, minitemple, nicolae_overflow_squiral,
          minmay_lindwurm_lava, uniq_erica
D:9:      layout_gridville, david_lair_generic, grunt_ministairs_11,
          minmay_statue_crystal_thing
D:10:     layout_cross, minmay_orc_entry_temple_small, enter_bailey_2,
          uniq_snorg
D:11:     layout_rooms, nzn_wu_jian_council_hall
D:12:     layout_irregular_city, worms_lemuel
D:13:     kennysheep_spiral_hall, layout_irregular_city, erik_vaults_2
D:14:     layout_small_grid
D:15:     grunt_enter_depths_giant_problem, layout_cave_pods,
          nicolae_benzene_ring, minmay_curled_crystal,
          hangedman_decor_peaks_small, nicolae_hepliaklqana_hazy_memory
Temple:   eino_wide_crystal_templ
Lair:1:   layout_cave_pods, lemuel_fruit_tree, lemuel_fruit_fields
Lair:2:   layout_cave_pods, nicolae_spider_entry_non_spiders
Lair:3:   regret_index_wax_grids, layout_regular_city, serial_bayou,
          serial_bayou_pond_c, serial_bayou_crossing, serial_bayou_shore_a,
          serial_bayou_pond_b
Lair:4:   layout_regular_city, minmay_swamp_entry_reptiles,
          nicolae_lair_liquid_snakes, infiniplex_staircase_pool_2
Lair:5:   layout_regular_city, nicolae_quartered_pool_impasse
Lair:6:   evilmike_catoblepas_cave, layout_hall_layers, slime_dummy
Swamp:1:  layout_falls_marsh, gammafunk_ghost_mausoleum,
          nicolae_swamp_little_tower
Swamp:2:  layout_basic_swamp, nicolae_swamp_bean_lake,
          infiniplex_staircase_pool, uniq_kirke
Swamp:3:  layout_falls_marsh, evilmike_swamp_ruin_rubble_2
Swamp:4:  swamp_old_school, layout_basic_swamp, uniq_bai_suzhen, uniq_mlioglotl
Spider:1: layout_spider_delve
Spider:2: layout_spider_delve, uniq_aizul, uniq_nikola, uniq_agnes, uniq_donald
Spider:3: layout_spider_delve, nicolae_spider_webbed_stairs, uniq_mara
Spider:4: grunt_spider_rune_island, ebering_ghost_reflecting_pool
Slime:1:  nicolae_slime_jelly_donut, layout_caves
Slime:2:  layout_caves
Slime:3:  layout_caves
Slime:4:  layout_caves
Slime:5
Orc:1:    layout_diamond_mine
Orc:2:    st_orc_ogre_mass, layout_diamond_mine
Elf:1:    eino_elf_arrival_the_gate, layout_geoelf_octagon, minmay_elf_sorcery,
          roderic_lattice_octagonal_star
Elf:2:    elven_hall_of_blades_hangedman_alternative [grunt_blade_entry_basic],
          layout_geoelf_diagonals, serial_shops,
          nicolae_shop_overgrown_old_shop, portal_ice_cave_entry_pillars_four
Elf:3:    minmay_elf_hall_four_x, layout_geoelf_castle, st_stairs_11,
          minivault_4, due_unseen_surprise
Vaults:1: v_misc_9, hangedman_vaults_river_flow, vaults_dpeg_hooks,
          hangedman_vaults_nails, door_vault, vaults_mumra_hex,
          ontoclasm_vaults_pinch, v_rooms_4, vaults_dpeg_encased_lava, v_misc_8,
          nicolae_vaults_shelves_hall, vaults_room_door_ring,
          layout_vaults_quadrants, serial_shops, shop, shop
Vaults:2: v_misc_8, nicolae_vaults_network_square, nicolae_vaults_rhombus_6,
          hangedman_vaults_stretched_pinwheel, hangedman_vaults_nails,
          nicolae_vaults_c_with_doors, nicolae_vaults_big_angled_halls,
          layout_vaults_chaotic_city
Vaults:3: gammafunk_ghost_ooze, ontoclasm_vaults_tryst, v_misc_23,
          nicolae_vaults_network_quincunx
          [nicolae_vaults_network_quincunx_subvault,
          nicolae_vaults_network_quincunx_subvault,
          nicolae_vaults_network_quincunx_subvault,
          nicolae_vaults_network_quincunx_subvault,
          nicolae_vaults_network_quincunx_subvault], blue_anna_dwarven_crypt,
          hangedman_vaults_maws, v_misc_2, st_lines, v_misc_23,
          vaults_room_grunt_arrival_checkpoint, hangedman_vaults_hat,
          hangedman_vaults_slice, nicolae_vaults_hallways_thing,
          ontoclasm_vaults_ring_small, grunt_vaults_diagonal,
          layout_vaults_maze, uniq_boris, uniq_jory
Vaults:4: v_misc_8, hangedman_vaults_impose, hangedman_vaults_nails,
          vaults_dpeg_cross, v_rooms_2, v_misc_15, v_pattern_5,
          vaults_standard_mumra_lines, ontoclasm_vaults_twist, vaults_room_grid,
          layout_vaults_omnibox
Vaults:5
Depths:1: layout_cave_shapes, nicolae_tso_swordbearing_angel, hell_entry,
          minmay_misc_feat_x, kennysheep_generic_room_7
Depths:2: regret_index_uskayaw_diablada_macabre, layout_gridlike, serial_shops,
          kennysheep_little_box, hell_entry, rand_demon_pan_entry_9
Depths:3: gammafunk_depths_water_palace, layout_gridlike, enter_ziggurat_c,
          hellmouth_2, serial_aquarium, aquarium_bridge_square
          [aquarium_subvault_bridge, aquarium_subvault_bridge,
          aquarium_subvault_wall, aquarium_subvault_bridge],
          aquarium_bridge_island_small [aquarium_subvault_small_open,
          aquarium_subvault_bridge, aquarium_subvault_window,
          aquarium_subvault_window, aquarium_subvault_wall],
          aquarium_window_fake, aquarium_window_corner, aquarium_view_2b,
          aquarium_pool_side, hangedman_abyss_entry_splay,
          grunt_decor_resistance, serial_bayou_shore_b
Depths:4: evilmike_zot_entry_basic, layout_cave_pools, serial_column_ruins,
          column_ruins_open_small, column_ruins_open_large,
          column_ruins_columns_corner, column_ruins_grid_3,
          column_ruins_columns_straight, marbit_kobold_abyss_entry,
          kennysheep_pointless_box, hell_entry, rand_demon_pan_entry_7,
          uniq_frederick, uniq_sojobo
Zot:1:    lemuel_acid_trip, layout_cathedral_of_symmetry,
          st_single_dragon_hoard_1
Zot:2:    layout_cellular_growth
Zot:3:    ebering_greatest_show_in_zot, layout_misc_corridors,
          hangedman_zot_decor_unnerving_road
Zot:4:    layout_misc_corridors
Zot:5:    layout_misc_corridors, grunt_ministairs_12

Skill      XL: |  1  2  3  4  5  6  7  8  9 10 11 12 13 14 15 16 17 18 19 20 21 22 23 24 25 26 27 |
---------------+----------------------------------------------------------------------------------+-----
Maces & Flails | 2 |  2.6
Fighting       | 3 4 6 8 10 11 12 13 14 15 16 17 18 19 20 22 23 | 23.1
Unarmed Combat | 1 2 3 5 7 9 10 11 12 13 14 15 17 18 19 21 | 21.9
Armour         | 6 8 0 |  0.0
Dodging        | 1 4 5 7 8 9 10 12 13 | 13.0
Shields        | 1 |  1.6
Transmutations | 1 6 9 13 14 15 16 | 16.5
Air Magic      | 1 6 9 10 | 10.8
Spellcasting   | 3 5 7 9 10 12 13 14 16 | 16.4
Translocations | 5 8 11 13 14 | 14.1
Throwing       | |  1.0
Invocations    | |  1.2

Action                   |  1- 3 |  4- 6 |  7- 9 | 10-12 | 13-15 | 16-18 | 19-21 | 22-24 | 25-27 || total
-------------------------+-------+-------+-------+-------+-------+-------+-------+-------+-------++-------
Melee: Mace              |    76 |       |       |       |       |       |       |       |       ||    76
       Punch             |     1 |     9 |    13 |    17 |     5 |    42 |    55 |    36 |    56 ||   234
       Unarmed           |     9 |   283 |   279 |   573 |   869 |   797 |   997 |   420 |   747 ||  4974
       Tailslap          |       |       |       |       |     5 |    94 |    73 |    26 |    62 ||   260
       Bite              |       |       |       |       |     5 |    68 |    71 |    21 |    43 ||   208
Throw: Throwing net      |       |     2 |       |       |       |       |       |       |       ||     2
       Dart              |       |    13 |    32 |    53 |       |       |       |       |       ||    98
 Cast: Dragon Form       |       |       |       |       |    10 |    83 |    90 |    33 |    43 ||   259
       Irradiate         |       |       |       |       |     1 |     2 |       |     1 |     1 ||     5
       Storm Form        |       |       |       |       |       |     1 |     1 |       |       ||     2
       Manifold Assault  |       |       |       |       |       |   131 |   238 |   109 |   177 ||   655
       Wereblood         |       |       |       |       |       |    22 |    24 |     2 |    11 ||    59
Invok: Sacrifice Drink   |       |       |     1 |       |       |       |       |       |       ||     1
       Sacrifice Love    |       |       |       |     1 |       |       |       |       |       ||     1
       Draw Out Power    |       |       |       |     2 |     6 |     3 |     5 |     4 |     5 ||    25
       Sacrifice Stealth |       |       |       |     1 |       |       |       |       |       ||     1
       Sacrifice Durabil |       |       |       |     1 |       |       |       |       |       ||     1
       Apocalypse        |       |       |       |       |    16 |    13 |     4 |     6 |     3 ||    42
       Power Leap        |       |       |       |       |     2 |       |       |       |     1 ||     3
       Sacrifice Words   |       |       |       |       |     1 |       |       |       |       ||     1
 Abil: End Transformatio |       |       |       |       |     2 |     5 |     5 |       |     2 ||    14
       Breathe Fire      |       |       |       |       |     1 |     1 |    23 |       |     4 ||    29
Evoke: Wand              |       |       |       |    11 |     9 |       |       |     1 |     1 ||    22
  Use: Scroll            |       |     4 |     9 |     3 |     7 |     2 |     1 |     6 |     6 ||    38
       Potion            |       |     3 |     3 |     1 |     9 |     5 |     3 |     8 |     9 ||    41
 Stab: Invisible         |       |       |     2 |    10 |     4 |     3 |    10 |    11 |     2 ||    42
       Distracted        |       |       |     1 |       |     5 |     4 |     3 |       |       ||    13
       Paralysed         |       |       |       |       |    35 |    10 |    11 |     4 |     6 ||    66
Armor: Chain mail        |    55 |   179 |   177 |   349 |   156 |       |       |       |       ||   916
       Troll leather arm |       |       |       |       |   155 |    18 |    17 |    16 |    19 ||   225
       Skin              |       |       |       |       |     8 |   329 |   120 |    62 |    95 ||   614
Dodge: Dodged            |    28 |    95 |    98 |   231 |   303 |   253 |   138 |   111 |   135 ||  1392
